 Dungeon Crawl Stone Soup version 0.19-a0-1320-g0178847 (webtiles) character file.

995 4thArraOfDagon the Grappler (level 7, -8/59 HPs)
             Began as a Troll Ice Elementalist on Aug 31, 2016.
             Was a Follower of Qazlal.
             Mangled by a two-headed ogre
             ... wielding a +0 giant spiked club
              (31 damage)
             ... on level 8 of the Dungeon.
             The game lasted 00:08:27 (1709 turns).

4thArraOfDagon the Grappler (TrIE)                  Turns: 1709, Time: 00:08:28

Health: -8/59      AC:  6    Str: 17    XL:     7   Next: 99%
Magic:  8/8        EV: 10    Int: 13    God:    Qazlal [*.....]
Gold:   165        SH:  1    Dex: 10    Spells: 0 memorised, 8 levels left

rFire  . . .     SeeInvis .       - Unarmed
rCold  . . .     Gourm    +     a - +0 robe
rNeg   . . .     Faith    .     (no shield)
rPois  .         Spirit   .     (helmet restricted)
rElec  .         Dismiss  .     h - +0 cloak
rCorr  .         Reflect  .     (gloves unavailable)
MR     .....     Harm     .     (boots unavailable)
Stlth  +.........               (no amulet)
                                (no ring)
                                (no ring)

@: no status effects
A: unfitting armour, claws 3, fast metabolism 3, gourmand, regeneration 1,
shaggy fur 1, tough skin 2
a: Renounce Religion


You were on level 8 of the Dungeon.
You worshipped Qazlal.
Qazlal was aware of your devotion.
You were completely stuffed.

You visited 2 branches of the dungeon, and saw 9 of its levels.

You collected 165 gold pieces.

Inventory:

Hand Weapons
 r - a +0 giant club
Armour
 a - a +0 robe (worn)
 h - a +0 cloak (worn)
Scrolls
 e - 2 scrolls of remove curse
Potions
 g - 2 potions of curing
 j - a potion of agility {unknown}
 k - a potion of mutation {unknown}
 m - a potion of flight {unknown}
 n - a potion of brilliance {unknown}
 o - 3 potions of might
 p - a potion of degeneration {unknown}
Books
 b - a book of Frost

   Spells                             Type                      Level
   a - Freeze                         Ice                          1
   b - Throw Frost                    Conjuration/Ice              2
   c - Ozocubu's Armour               Charms/Ice                   3
   d - Throw Icicle                   Conjuration/Ice              4
   e - Summon Ice Beast               Ice/Summoning                4
 f - the Compendium of Ice and Bewitchment
   (You found it on level 4 of the Dungeon)

   Spells                             Type                      Level
   a - Freeze                         Ice                          1
   b - Throw Frost                    Conjuration/Ice              2
   c - Ensorcelled Hibernation        Hexes/Ice                    2
   d - Metabolic Englaciation         Hexes/Ice                    5
Comestibles
 c - 3 bread rations
 d - a beef jerky
 i - 5 meat rations


   Skills:
 - Level 1.5 Dodging
 - Level 1.1 Stealth
 * Level 8.2 Unarmed Combat
 - Level 1.2 Spellcasting
   Level 0.6 Conjurations
   Level 2.1 Ice Magic
 + Level 3.3 Invocations


You had 8 spell levels left.
You didn't know any spells.

Dungeon Overview and Level Annotations

Branches:
Dungeon (8/15)             Temple (1/1) D:5
   Lair: D:8-11

Altars:
Cheibriados
Fedhas
Gozag
Hepliaklqana
Nemelex Xobeh
Okawaru
Qazlal
Trog

Annotations:
D:3 4thArraOfDagon's ghost, weakling TrIE; Edmund; Robin
D:8 Joseph


Innate Abilities, Weirdness & Mutations

You are too large for most types of armour.
You have claws for hands.
Your metabolism is lightning-fast.
You like to eat raw meat.
Your natural rate of healing is unusually fast.
You are covered in fur. (AC +1)
You have very tough skin. (AC +2)


Message History

As you read the scroll of identify, it crumbles to dust.
o - 3 potions of might
As you read the scroll labeled CUIL MUV HIVOI, it crumbles to dust.
It is a scroll of amnesia.
Forget which spell ([?*] list [ESC] exit)?
Your memory of Freeze unravels.
Unknown command.
You claw the two-headed ogre!
The two-headed ogre is moderately wounded.
The two-headed ogre hits you with a giant spiked club!!
The two-headed ogre hits you with a giant club!
Unknown command.
You scratch the two-headed ogre.
The two-headed ogre is moderately wounded.
Unknown command.
You claw the two-headed ogre!
The two-headed ogre is severely wounded.
The two-headed ogre hits you with a giant spiked club!!
Ouch! That really hurt!
You die...

#. #.## #..####
##.O..##
##.....##
##.......#
#........####
#..........%O##
##.....(#####@#
#....### ###
######


You could see a two-headed ogre.

Vanquished Creatures
  A two-headed ogre (D:6)
  An orc warrior (D:7)
  A centaur (D:8)
  A phantom (D:4)
  An ogre (D:8)
  A scorpion (D:4)
  A crimson imp (D:7)
  A giant frog skeleton (D:7)
  3 orc priests
  2 orc wizards
  An iguana (D:5)
  Terence (D:2)
  2 worker ants
  A hound skeleton (D:8)
  2 adders
  An adder zombie (D:7)
  A worm (D:3)
  A dart slug (D:1)
  17 orcs
  A ball python (D:1)
  A giant cockroach (D:5)
  4 goblins
  5 hobgoblins
  2 jackals (D:3)
  2 quokkas
  A bat (D:3)
  A giant gecko skeleton (D:4)
  A giant newt (D:3)
  5 kobolds
  2 rats
65 creatures vanquished.

Notes
Turn   | Place    | Note
-------+----------+-------------------------------------------
     0 | D:1      | 4thArraOfDagon the Troll Ice Elementalist began the quest for the Orb.
     0 | D:1      | Reached XP level 1. HP: 16/16 MP: 1/1
    28 | D:1      | Reached skill level 1 in Unarmed Combat
    98 | D:2      | Reached XP level 2. HP: 24/24 MP: 2/2
   102 | D:2      | Noticed Terence
   121 | D:2      | Killed Terence
   121 | D:2      | Reached skill level 2 in Unarmed Combat
   121 | D:2      | Reached XP level 3. HP: 13/31 MP: 3/3
   152 | D:3      | Reached skill level 3 in Unarmed Combat
   185 | D:3      | Found an iron altar of Okawaru.
   204 | D:3      | Noticed an orc warrior
   212 | D:4      | Noticed a phantom
   215 | D:4      | Found an opulent altar of Gozag.
   238 | D:4      | Killed a phantom
   238 | D:4      | Reached skill level 4 in Unarmed Combat
   238 | D:4      | Reached XP level 4. HP: 7/39 MP: 4/4
   271 | D:4      | Reached skill level 5 in Unarmed Combat
   271 | D:4      | Reached XP level 5. HP: 7/45 MP: 5/5
   383 | D:4      | Noticed Edmund
   474 | D:4      | Identified the Compendium of Ice and Bewitchment
   666 | D:3      | Noticed Robin
   676 | D:3      | HP: 2/45 [poisoned by a goblin]
   682 | D:3      | HP: 2/45 [poisoned by a goblin]
   689 | D:3      | HP: 2/45 [poisoned by a goblin]
   704 | D:3      | Noticed 4thArraOfDagon's ghost (weakling TrIE)
   857 | D:5      | Entered Level 5 of the Dungeon
   905 | D:5      | Reached XP level 6. HP: 42/53 MP: 6/6
   927 | D:5      | Found a bloodstained altar of Trog.
   930 | D:5      | Reached skill level 6 in Unarmed Combat
   978 | D:5      | Found a staircase to the Ecumenical Temple.
   985 | Temple   | Entered the Ecumenical Temple
  1020 | Temple   | Became a worshipper of Qazlal Stormbringer
  1074 | D:6      | Found a blossoming altar of Fedhas.
  1234 | D:6      | Noticed a two-headed ogre
  1243 | D:6      | Killed a two-headed ogre
  1243 | D:6      | Reached skill level 1 in Invocations
  1243 | D:6      | Reached XP level 7. HP: 59/59 MP: 7/7
  1325 | D:7      | Reached skill level 7 in Unarmed Combat
  1434 | D:8      | Reached * piety under Qazlal
  1473 | D:8      | Noticed Joseph
  1513 | D:7      | Reached skill level 8 in Unarmed Combat
  1619 | D:6      | You fall through a shaft for 2 floors!
  1620 | D:8      | thank god
  1635 | D:8      | or not
  1692 | D:8      | Noticed a two-headed ogre
  1709 | D:8      | Mangled by a two-headed ogre

Vault maps used:
D:1:      grunt_arrival_lava_bath
D:2:      uniq_terence
D:3:      kennysheep_okawaru_gauntlet, uniq_robin, uniq_crazy_yiuf_cottage
D:4:      nicolae_gozag_seed_capital, uniq_edmund
D:5:      lightli_temple_of_fire, first_bread, serial_shops,
          kennysheep_mini_moat, nemelex_dance_club_becter
D:6:      corexii_shack_village, yredelemnul_forgotten_temple_becter,
          minmay_misc_feat_chi, fedhas_altar_2
D:7:      uniq_pikel
D:8:      uniq_joseph
Temple:   dpeg_five_rooms_temple

Skill      XL: |  1  2  3  4  5  6  7 |
---------------+----------------------+-----
Unarmed Combat | 1 2 4 5 6 8 |  8.2
Invocations    | 1 3 |  3.3
Dodging        | |  1.5
Stealth        | |  1.1
Spellcasting   | |  1.2
Conjurations   | |  0.6
Ice Magic      | |  2.1

Action                   |  1- 3 |  4- 6 |  7- 9 || total
-------------------------+-------+-------+-------++-------
Melee: Unarmed           |    58 |   123 |    68 ||   249
       Punch             |       |     2 |     4 ||     6
Throw: Throwing net      |       |     1 |       ||     1
  Use: Potion            |       |     4 |       ||     4
       Scroll            |       |     3 |     3 ||     6
 Stab: Sleeping          |     1 |     1 |     1 ||     3
       Invisible         |       |     4 |       ||     4
  Eat: Chunk             |       |    12 |     4 ||    16
       Bread ration      |       |     1 |       ||     1
       Fruit             |       |       |     2 ||     2
Armor: Robe              |    14 |    47 |    12 ||    73
Dodge: Dodged            |    25 |    70 |    33 ||   128
Block: Other             |       |       |     1 ||     1
